 Dungeon Crawl Stone Soup version 0.31-a0-700-gf13585253f (webtiles) character file.

Game seed: 12477709686876805130

4 qw the Shooter (level 1, 0/12 HPs)
             Began as a Gargoyle Hunter on Sept 7, 2023.
             Slain by a quokka (2 damage)
             ... on level 1 of the Dungeon.
             The game lasted 00:00:04 (70 turns).

qw the Shooter (Gargoyle Hunter)                      Turns: 70, Time: 00:00:04

Health: 0/12       AC:  5    Str: 14    XL:     1   Next: 70%
Magic:  1/1        EV: 11    Int:  9    God:
Gold:   26         SH:  0    Dex: 13    Spells: 0/0 levels left

rFire   . . .        a - +0 shortbow
rCold   . . .        (shield currently unavailable)
rNeg    + . .        c - +0 leather armour
rPois   inf          (no helmet)
rElec   +            (no cloak)
rCorr   .            (no gloves)
SInv    .            (no boots)
Will    .....        (no amulet)
Stlth   +            (no ring)
HPRegen 0.22/turn    (no ring)
MPRegen 0.07/turn

%: no passive effects
@: no status effects
A: sickness immunity, AC +2, negative energy resistance 1, electricity
resistance, torment resistance 1, petrification resistance
a: no special abilities


You were on level 1 of the Dungeon.
You visited 1 branch of the dungeon, and saw 1 of its levels.

You collected 26 gold pieces.


Innate Abilities, Weirdness & Mutations

You are immune to sickness and miasma.
Your stone body is resilient. (AC +2)
You are immune to poison.
You resist negative energy. (rN+)
You are resistant to electric shocks. (rElec)
You are resistant to unholy torment.
You are immune to petrification.


   Skills:
 - Level 2.1 Fighting
 + Level 4.2 Ranged Weapons
 - Level 1.5 Dodging
 - Level 1.1 Stealth


You couldn't memorise any spells.
You didn't know any spells.
Your spell library was empty.

Inventory:

Hand Weapons
 a - a +0 shortbow (weapon)
Armour
 c - a +0 leather armour (worn)
Scrolls
 b - a scroll of butterflies
 d - a scroll of immolation {unknown}

Dungeon Overview and Level Annotations

Branches:
Dungeon (1/15)

Altars:

Shops:
D:1 *


Message History

You can access your shopping list by pressing '$'.
40 ||| SHOPLISTING scroll labelled ZETANA ESIR (25 gold, have 13).
You can access your shopping list by pressing '$'.
You see here a +0 hand axe.
Found a dagger.
d - a scroll labelled UXIKUUVVUH A quokka comes into view.
You see here 13 gold pieces.
You shoot an arrow. The arrow hits the quokka.
The quokka is severely wounded.
You now have enough gold to buy a cyan potion on this level, buy a pink potion on this level, buy a scroll labelled VAZYSCHEMNU on this level, or buy a scroll labelled ZETANA ESIR on this level.
You can access your shopping list by pressing '$'.
You now have 26 gold pieces (gained 13).
You shoot an arrow. The arrow barely misses the quokka.
You shoot an arrow. The arrow barely misses the quokka.
The quokka closely misses you.
An endoplasm comes into view.
You shoot an arrow. The arrow closely misses the quokka.
The quokka bites you but does no damage.
The quokka barely misses you.
You shoot an arrow. The arrow barely misses the quokka.
The quokka bites you but does no damage.
You shoot an arrow. The arrow barely misses the quokka.
The quokka bites you. The endoplasm freezes you.
You are frozen.
The quokka barely misses you. The endoplasm freezes you.
You are frozen.
You shoot an arrow. The arrow hits the quokka.
The quokka is heavily wounded.
The quokka barely misses you.
The endoplasm hits you but does no damage.
The quokka barely misses you.
You shoot an arrow. The arrow closely misses the quokka.
The endoplasm hits you. The quokka completely misses you.
You shoot an arrow. The arrow closely misses the quokka.
The quokka twitches its whiskers.
The quokka bites you but does no damage.
The endoplasm barely misses you. The quokka bites you.
You die...

### # .#...#. ..#.##
....... ########.#...
#...# #........... #...#
#........#
##...####.###...J# .
..(.............@##....
...:>............r......
...)........#...###.....
.#...#.##.......... ....
.#...#.######.##### ...
.#...#.# #.# ## .#...#.#
#.# .#...#.# #.#
.......# ..


You could see an endoplasm and a quokka.

Vanquished Creatures
  2 goblins (D:1)
  A hobgoblin (D:1)
  A frilled lizard (D:1)
4 creatures vanquished.

Notes
Turn   | Place    | Note
-------+----------+-------------------------------------------
     0 | D:1      | qw the Gargoyle Hunter began the quest for the Orb.
     0 | D:1      | Reached XP level 1. HP: 12/12 MP: 1/1
     0 | D:1      | 0 ||| qw: Version: 0.3-a-76-g4403597
     0 | D:1      | 0 ||| qw: Game counter: 513
     0 | D:1      | 0 ||| qw: Melee chars always use a shield: true
     0 | D:1      | 0 ||| qw: God list: Okawaru
     0 | D:1      | 0 ||| qw: Allow faded altars: false
     0 | D:1      | 0 ||| qw: Do Orc after clearing Dungeon:15 true
     0 | D:1      | 0 ||| qw: Do second Lair branch before Depths: true
     0 | D:1      | 0 ||| qw: Lair rune preference: random
     0 | D:1      | 0 ||| qw: Goals: Normal
     0 | D:1      | 0 ||| PLANNING D:1-11
    30 | D:1      | Found Akkemoc's Assorted Antiques.
    40 | D:1      | 40 ||| SHOPLISTING cyan potion (22 gold, have 13).
    40 | D:1      | 40 ||| SHOPLISTING pink potion (22 gold, have 13).
    40 | D:1      | 40 ||| SHOPLISTING scroll labelled VAZYSCHEMNU (25 gold,
                  | have 13).
    40 | D:1      | 40 ||| SHOPLISTING scroll labelled ZETANA ESIR (25 gold,
                  | have 13).
    69 | D:1      | HP: 2/12 [endoplasm (3)]
    70 | D:1      | Slain by a quokka

Levels and vault maps discovered:
D:1:      amcnicky_arrival_single_pillar, layout_loops_cross, serial_shops,
          shop, shapermc_ecumenical_altar_rom_forum, fountainhead,
          minmay_tree_intersection

Action                     || total
---------------------------++-------
   Fire: Shortbow          ||    22
 Armour: Leather armour    ||    11
  Dodge: Dodged            ||     9

Table legend:
 A = Non-vault XP
 B = Vault XP
 C = Vault XP percentage of total XP
 D = Non-vault monster count
 E = Vault monster count
 F = Vault count percentage of total count
                 A         B        C        D         E       F
            +---------+---------+-------+---------+---------+-------
      Total |       7 |       0 |   0.0 |       4 |       0 |   0.0
            +---------+---------+-------+---------+---------+-------
        D:1 |       7 |       0 |   0.0 |       4 |       0 |   0.0
            +---------+---------+-------+---------+---------+-------
